 Dungeon Crawl Stone Soup version 0.30-a0-54-g2e61a25929 (webtiles) character file.

Game seed: 13398024664253525091

2699 frimble the Ruffian (level 9, 0/66 HPs)
             Began as a Demonspawn Cinder Acolyte on Sept 7, 2022.
             Was a High Priest of Ignis.
             Slain by a two-headed ogre
             ... wielding a +0 dire flail
              (30 damage)
             ... on level 8 of the Dungeon.
             The game lasted 00:12:39 (8029 turns).

frimble the Ruffian (Demonspawn Cinder Acolyte)     Turns: 8029, Time: 00:12:40

Health: 0/66       AC: 10    Str: 15    XL:     9   Next: 38%
Magic:  1/1        EV: 10    Int: 16    God:    Ignis [*****.]
Gold:   1418       SH:  0    Dex: 12    Spells: 8/10 levels left

rFire   + + +      SeeInvis .      - Unarmed
rCold   . . .      Faith    .    (no shield)
rNeg    + + .      Spirit   .    j - +1 scale mail {rF+}
rPois   .          Reflect  .    (helmet restricted)
rElec   +          Harm     .    s - +1 cloak
rCorr   .          Rampage  .    (no gloves)
Will    .....                    (no boots)
Stlth   ..........               (no amulet)
HPRegen 0.21/turn                f - ring of wizardry
MPRegen 0.07/turn                a - ring "Quafixt" {rElec rF+ rN++ MP-9}

@: lethally poisoned (0 -> -6)
A: antennae 1, hooves 1, powered by pain 2, demonic touch 1
a: Renounce Religion, Fiery Armour, Foxfire Swarm, Rising Flame


You were on level 8 of the Dungeon.
You worshipped Ignis.
Ignis was extremely pleased with you.
You visited 1 branch of the dungeon, and saw 8 of its levels.

You collected 1418 gold pieces.

Inventory:

Missiles
 q - a throwing net (quivered)
Armour
 j - a +1 scale mail of fire resistance (worn)
 s - a +1 cloak (worn)
Jewellery
 a - the ring "Quafixt" (right hand) {rElec rF+ rN++ MP-9}
   (You found it on level 5 of the Dungeon)

   [ring of protection from fire]

   rF:        It protects you from fire.
   rElec:     It insulates you from electricity.
   rN:        It greatly protects you from negative energy.
   MP:        It affects your magic capacity (-9).
 f - a ring of wizardry (left hand)
Wands
 r - a wand of iceblast (14)
Scrolls
 h - 2 scrolls of amnesia
 l - a scroll of enchant weapon
 n - 2 scrolls of fog
Potions
 b - 2 potions of mutation
 c - a potion of lignification {unknown}
 d - a potion of berserk rage {unknown}
 g - a potion of curing
 i - 2 potions of degeneration {unknown}
 m - 2 potions of haste {unknown}
 o - a potion of ambrosia
 p - 2 potions of heal wounds
 t - a potion of flight
 v - a potion of resistance
 w - a potion of brilliance


   Skills:
 + Level 4.7 Fighting
 - Level 6.2 Armour
 + Level 2.9 Dodging
 + Level 7.7 Unarmed Combat
 - Level 1.2 Spellcasting
 - Level 4.0 Fire Magic
 - Level 4.0 Evocations


You had 8 spell levels left.
You knew the following spells:

 Your Spells              Type           Power      Damage    Failure   Level
a - Scorch                Fire           26%        2d6       9%          2

Your spell library contained the following spells:

 Spells                   Type           Power      Damage    Failure   Level
 Conjure Flame            Conj/Fire      7%         6-21      38%         3
 Poisonous Vapours        Pois/Air       0%         N/A       41%         2
 Sublimation of Blood     Necr           0%         N/A       41%         2
 Ignite Poison            Fire/Tmut/Pois 5%         N/A       45%         3
 Sticky Flame             Conj/Fire      7%         2d3       77%         4
 Corpse Rot               Necr/Pois/Air  0%         N/A       95%         4
 Petrify                  Tmut/Erth      0%         N/A       95%         4
 Irradiate                Conj/Tmut      0%         3d11      100%        5


Dungeon Overview and Level Annotations

Branches:
Dungeon (8/15)             Temple (0/1) D:6
   Lair: D:8-11

Altars:
Dithmenos
Hepliaklqana
Makhleb
Nemelex Xobeh
Qazlal
Sif Muna
Uskayaw
Vehumet

Annotations:
D:7 2 transporters, siradein's ghost, novice DsFi


Innate Abilities, Weirdness & Mutations

You have a pair of small antennae on your head.
You have large cloven feet.
You sometimes gain power by taking damage.
Your touch may inflict minor irresistible damage on your foes.


Message History

The killer bee is engulfed in blazing flames.
The killer bee explodes!
The fiery explosion engulfs the killer bee!! x2
The fiery explosion engulfs you. You resist.
The killer bee explodes!
The fiery explosion engulfs you. You resist.
The killer bee explodes!
The fiery explosion engulfs you. You resist.
A kobold comes into view. It is wielding a +0 club.
A wight comes into view. It is wielding a +0 spear.
You hear a shout! x4; You hear a screech!
You are engulfed in blazing flames.
You resist.
You feel very sick.
Aiming: Iceblast
Press: ? - help, Shift-Dir - straight line, f - kobold
Aim: a kobold, wielding a +1 whip of electrocution
Okay, then.
Unknown command.
Aiming: Iceblast
Press: ? - help, Shift-Dir - straight line, f - two-headed ogre
Aim: a two-headed ogre, wielding a +0 dire flail and a +0 giant club (inner flame)
The mass of ice explodes!
The iceblast engulfs the two-headed ogre!
Flame seeps out of the two-headed ogre.
The two-headed ogre is moderately wounded.
You are engulfed in blazing flames.
You resist.
You feel sick.
The two-headed ogre is engulfed in blazing flames.
Flame seeps out of the two-headed ogre.
You hit the two-headed ogre but do no damage.
You kick the two-headed ogre, but do no damage.
Flame seeps out of the two-headed ogre.
You touch the two-headed ogre!
The two-headed ogre is heavily wounded.
You are engulfed in blazing flames.
You resist.
You feel sick.
A centaur comes into view.
The kobold closely misses you.
A kobold comes into view. It is wielding a +0 short sword.
The two-headed ogre is engulfed in blazing flames.
Flame seeps out of the two-headed ogre.
The two-headed ogre hits you with a +0 dire flail!!
You die...

#....#....#
........K##
.........
#..KK... #
###.(..K.###.#
.#.....K.......
.......KK......
.....z§§§§.....
..z.K§K@§§.....
...K.#§O§..##..
.....#.○...#
..)........#
..K....#...#<..
.......<.......
...............
.............c.
..........O....


You could see a two-headed ogre (inner flame), 2 kobold brigands, a centaur, 2
wights and 8 kobolds.

Vanquished Creatures
  A steam dragon (D:6)
  2 vampire mosquitoes (D:5)
  3 ice beasts
  2 black bears (D:4)
  3 ogres
  2 kobold brigands
  A necrophage (D:5)
  A bullfrog (D:5)
  A gnoll sergeant (D:7)
  3 scorpions
  4 wights (D:6)
  3 killer bees (D:8)
  2 howler monkeys
  A gnoll bouda (D:7)
  3 hounds
  4 jellies
  7 iguanas
  9 gnolls
  11 adders
  A white imp (D:6)
  An ufetubus (D:4)
  An adder skeleton (D:2)
  A worm (D:2)
  4 dart slugs
  8 orcs
  6 ball pythons
  A bat (D:2)
  5 endoplasms
  2 giant cockroaches (D:1)
  3 goblins
  8 hobgoblins
  7 jackals
  9 kobolds
  2 frilled lizards (D:3)
  A giant cockroach zombie (D:2)
  A quokka skeleton (D:2)
  2 rats (D:1)
126 creatures vanquished.

Vanquished Creatures (others)
  An ogre (D:7)
1 creature vanquished.

Grand Total: 127 creatures vanquished

Notes
Turn   | Place    | Note
-------+----------+-------------------------------------------
     0 | D:1      | frimble the Demonspawn Cinder Acolyte began the quest for
                  | the Orb.
     0 | D:1      | Reached XP level 1. HP: 18/18 MP: 2/2
   281 | D:1      | Discovered your monstrous ancestry.
   281 | D:1      | Gained mutation: You have a pair of small antennae on your
                  | head. [demonic ancestry]
   281 | D:1      | Reached XP level 2. HP: 24/24 MP: 3/3
   341 | D:1      | Found a faded altar of an unknown god.
   584 | D:1      | Reached skill level 3 in Unarmed Combat
   587 | D:1      | Learned a level 2 spell: Scorch
   963 | D:2      | Reached skill level 1 in Armour
   963 | D:2      | Gained mutation: You have large cloven feet. [demonic
                  | ancestry]
   963 | D:2      | Reached XP level 3. HP: 23/29 MP: 2/4
  2126 | D:3      | Gained mutation: You sometimes gain a little power by
                  | taking damage. [demonic ancestry]
  2126 | D:3      | Reached XP level 4. HP: 33/35 MP: 5/5
  2794 | D:4      | Noticed a kobold brigand
  2795 | D:4      | Reached XP level 5. HP: 41/41 MP: 1/6
  2835 | D:4      | Reached skill level 4 in Unarmed Combat
  2952 | D:4      | Noticed an ogre
  2956 | D:4      | Killed an ogre
  2956 | D:4      | Noticed an ice beast
  2957 | D:4      | Reached skill level 1 in Evocations
  2957 | D:4      | Reached XP level 6. HP: 47/47 MP: 4/7
  3020 | D:5      | Entered Level 5 of the Dungeon
  3035 | D:5      | Noticed a vampire mosquito
  3056 | D:6      | Noticed an ice beast
  3080 | D:6      | Killed an ice beast
  3438 | D:6      | Gained mutation: Your touch may inflict minor irresistible
                  | damage on your foes. [demonic ancestry]
  3438 | D:6      | Reached XP level 7. HP: 46/52 MP: 8/8
  3447 | D:6      | Noticed a steam dragon
  3455 | D:6      | Killed a steam dragon
  3456 | D:6      | Reached skill level 5 in Unarmed Combat
  4019 | D:4      | Found a shadowy altar of Dithmenos.
  4019 | D:4      | Found a stormy altar of Qazlal.
  4022 | D:4      | Found a shimmering blue altar of Sif Muna.
  4022 | D:4      | Found a burning altar of Makhleb.
  4022 | D:4      | Found a sparkling altar of Nemelex Xobeh.
  4024 | D:4      | Found a hazy altar of Hepliaklqana.
  4024 | D:4      | Found a radiant altar of Vehumet.
  4024 | D:4      | Found a hide-covered altar of Uskayaw.
  4644 | D:4      | Gained mutation: You sometimes gain power by taking damage.
                  | [demonic ancestry]
  4644 | D:4      | Reached XP level 8. HP: 41/58 MP: 5/9
  4652 | D:4      | Reached skill level 5 in Armour
  5100 | D:4      | Reached skill level 6 in Unarmed Combat
  5602 | D:5      | Identified the ring "Quafixt" {rElec rF+ rN++ MP-9}
  6201 | D:5      | Reached skill level 7 in Unarmed Combat
  6351 | D:5      | Reached skill level 1 in Dodging
  6566 | D:6      | Found a staircase to the Ecumenical Temple.
  6574 | D:6      | Reached XP level 9. HP: 64/64 MP: 1/10
  7197 | D:7      | Found a transporter.
  7202 | D:7      | Noticed a deep elf pyromancer
  7202 | D:7      | Noticed a manticore
  7406 | D:7      | Found a transporter.
  7414 | D:7      | Noticed siradein's ghost (novice DsFi)
  7976 | D:7      | Identified a scroll of acquirement
  7976 | D:7      | Acquired 692 gold pieces
  7983 | D:8      | Noticed a two-headed ogre
  8029 | D:8      | Slain by a two-headed ogre

Illustrated notes

Levels and vault maps discovered:
D:1:      shiori_arrival_maze, layout_basic,
          hellmonk_ecumenical_altar_pennies_from_heaven
D:2:      layout_basic, serial_undead, serial_undead_c, serial_undead_a,
          serial_undead_c, serial_undead_a
D:3:      layout_loops_ring
D:4:      minmay_polygon_palace, layout_basic, nicolae_overflows_in_rows
D:5:      layout_loops_ring, serial_co_window_serial, co_window_paths_a,
          co_window_paths_b, co_window_cross_1, co_window_cross_1,
          co_window_paths_a, co_window_cross_4, co_window_broadway_a,
          co_window_unsneaky_path_a, co_window_paths_d, co_window_4corner_a,
          glass_columns_a, glass_columns_a, glass_columns_a
D:6:      layout_basic, minmay_temple_entry_hall, serial_glass, glass_columns_c,
          glass_columns_a
D:7:      layout_basic, nzn_ghost_randoct, kennysheep_cross_bottleneck,
          lemuel_flame_loot_1
D:8:      layout_cave_pools, serial_shops, shop_statue, uniq_erica,
          uniq_amaemon, uniq_maurice

Skill      XL: |  1  2  3  4  5  6  7  8  9 |
---------------+----------------------------+-----
Unarmed Combat | 3 4 5 7 |  7.7
Fire Magic     | 3 4 |  4.0
Armour         | 1 2 3 4 6 |  6.2
Evocations     | 1 2 4 |  4.0
Dodging        | 1 2 |  2.9
Fighting       | 4 |  4.7
Spellcasting   | |  1.2

Action                   |  1- 3 |  4- 6 |  7- 9 || total
-------------------------+-------+-------+-------++-------
Melee: Unarmed           |   141 |    95 |   205 ||   441
       Punch             |     3 |     2 |     7 ||    12
       Kick              |    12 |    23 |    52 ||    87
       Touch             |       |       |    35 ||    35
Throw: Dart              |       |     1 |     1 ||     2
 Cast: Scorch            |     6 |    18 |    21 ||    45
Invok: Fiery Armour      |       |       |     1 ||     1
Evoke: Wand              |       |     2 |     4 ||     6
  Use: Scroll            |     6 |     2 |     9 ||    17
Armor: Ring mail         |    50 |    32 |     1 ||    83
       Robe              |     1 |       |       ||     1
       Scale mail        |       |       |    60 ||    60
       Steam dragon scal |       |       |     8 ||     8
Dodge: Dodged            |    72 |    54 |   107 ||   233

Table legend: (Time is in decaauts)
 A = Elapsed time spent in this place.
 B = Non-inter-level travel time spent in this place.
 C = Inter-level travel time spent in this place.
 D = Time resting spent in this place.
 E = Time spent auto-exploring this place.
 F = Levels seen in this place.
 G = Mean time per level.
                   A        B        C        D        E       F      G
               +--------+--------+--------+--------+--------+-----+--------+
         Total |   7993 |   7647 |    346 |    636 |   5828 |   8 |  999.1 |
       Dungeon |   7993 |   7647 |    346 |    636 |   5828 |   8 |  999.1 |
               +--------+--------+--------+--------+--------+-----+--------+

Top non-repeatable levels by time:
     D:4: 1766 daAuts
     D:5: 1481 daAuts
     D:3: 1072 daAuts
     D:6: 1065 daAuts
     D:7: 1033 daAuts
     D:1: 938 daAuts
     D:2: 626 daAuts
     D:8: 9 daAuts
